 Dungeon Crawl Stone Soup version 0.27.1 (webtiles) character file.

Game seed: 3850672491195453655

227 Malachi the Chiller (level 5, 0/35 HPs)
             Began as a Demonspawn Ice Elementalist on Aug 25, 2021.
             Was a Follower of Qazlal.
             Slain by an orc wizard (3 damage)
             ... on level 4 of the Dungeon.
             The game lasted 00:05:42 (5816 turns).

Malachi the Chiller (Demonspawn Ice Elementalist)   Turns: 5816, Time: 00:05:42

Health: 0/35       AC:  5    Str:  8    XL:     5   Next: 70%
Magic:  7/8        EV: 12    Int: 17    God:    Qazlal [*.....]
Gold:   196        SH:  2    Dex: 14    Spells: 4/8 levels left

rFire    . . .     SeeInvis .   f - +0 short sword
rCold    . . .     Faith    .   (no shield)
rNeg     . . .     Spirit   .   a - +0 robe
rPois    .         Reflect  .   (helmet restricted)
rElec    .         Harm     +   h - scarf {harm}
rCorr    .         Rampage  .   e - +1 pair of gloves
Will     .....                  i - +0 pair of boots
Stlth    ++........             (no amulet)
HPRegen  0.11/turn              (no ring)
MPRegen  0.11/turn              (no ring)

@: on berserk cooldown, attractive, slowed, very slow
A: horns 1, powered by pain 2
a: Renounce Religion


You were on level 4 of the Dungeon.
You worshipped Qazlal.
Qazlal was aware of your devotion.
You visited 1 branch of the dungeon, and saw 4 of its levels.

You collected 196 gold pieces.

Inventory:

Hand Weapons
 f - a +0 short sword (weapon)
Armour
 a - a +0 robe (worn)
 e - a +1 pair of gloves (worn)
 h - a scarf of harm (worn)
 i - a +0 pair of boots (worn)
Jewellery
 l - a +6 ring of dexterity
Scrolls
 b - a scroll of acquirement {unknown}
 c - a scroll of teleportation
 d - 2 scrolls of identify {unknown}
 j - 2 scrolls of enchant armour
 k - a scroll of enchant weapon {unknown}
 n - a scroll of fear {unknown}
Potions
 o - a potion of lignification {unknown}
 p - a potion of heal wounds {unknown}


   Skills:
 - Level 1.7 Dodging
 - Level 1.7 Stealth
 + Level 2.1 Spellcasting
 * Level 6.1 Ice Magic
 + Level 2.0 Invocations


You had 4 spell levels left.
You knew the following spells:

 Your Spells              Type           Power      Damage    Failure   Level
a - Freeze                Ice            88%        1d10      1%          1
b - Frozen Ramparts       Ice            44%        1d6       4%          3

Your spell library contained the following spells:

 Spells                   Type           Power      Damage    Failure   Level
 Ozocubu's Armour         Ice            22%        N/A       4%          3
 Hailstorm                Conj/Ice       12%        3d5       47%         4


Dungeon Overview and Level Annotations

Branches:
Dungeon (4/15)
 Temple: D:4-7

Altars:
Ashenzari
Dithmenos
Qazlal
Ru
Trog
Uskayaw
Vehumet
Wu Jian


Innate Abilities, Weirdness & Mutations

You have a pair of small horns on your head.
You sometimes gain power by taking damage.


Message History

The orc wizard points at you and mumbles some strange words.
The puff of flame hits you.
* * * LOW HITPOINT WARNING * * *
You miss the orc wizard.
The orc wizard is lightly wounded.
The orc wizard hits you with a +0 dagger of holy wrath.
* * * LOW HITPOINT WARNING * * *
You convulse.
* * * LOW HITPOINT WARNING * * *
Something misses the orc wizard.
You're too confused to move!
The orc wizard hits you but does no damage.
You bump into the rock wall.
You feel a strong urge to attack something.
You feel less confused. Something hits you but does no damage.
You closely miss the orc wizard.
The orc wizard is lightly wounded.
The orc wizard mumbles some strange words.
The orc wizard flickers and vanishes!
You puncture something!
You hear some strange, mumbled words.
Something tries to affect you, but you resist.
You hear some strange, mumbled words.
A magic dart appears from out of thin air!
The magic dart hits you.
* * * LOW HITPOINT WARNING * * *
You barely miss something. Something hits you but does no damage.
You puncture something! Qazlal accepts your kill.
Reactivating autopickup.
You feel a bit more experienced. Something hits you.
* * * LOW HITPOINT WARNING * * *
Deactivating autopickup; reactivate with Ctrl-A.
Your Invocations skill increases to level 2!
You barely miss something.
You are no longer berserk.
You are exhausted.
You feel yourself slow down. Something hits you.
You die...

..# #.# ###.'##'.#._.# '# '.
#.# #.# #)#..#.#...#.#.. #
#.# #.#..#.'...'.# .# #.#
#.# #.+..+###+###+ + ..# #.#
###..#.... ### #(# #..#..
#.# ####)# #.# #.#){# #.#
#.#@## #.# #.#.# ##.# #.#.#
##..# ###.#.# ##### ##.#.##
#...#.#####...## #.###.#
#.##...........##
##.#.#####.##..###[......###
#..........................
#...............#.......##


There were no monsters in sight!

Vanquished Creatures
  A scorpion (D:4)
  An orc priest (D:3)
  2 orc wizards (D:4)
  An adder (D:3)
  2 worms (D:2)
  2 dart slugs
  3 orcs (D:3)
  10 ball pythons
  3 bats (D:3)
  5 endoplasms
  4 giant cockroaches
  2 goblins
  5 hobgoblins
  5 jackals
  5 quokkas
  2 frilled lizards
  8 kobolds
  8 rats
69 creatures vanquished.

Notes
Turn   | Place    | Note
-------+----------+-------------------------------------------
     0 | D:1      | Malachi the Demonspawn Ice Elementalist began the quest for
                  | the Orb.
     0 | D:1      | Reached XP level 1. HP: 13/13 MP: 3/3
   246 | D:1      | Reached skill level 4 in Ice Magic
   508 | D:1      | Gained mutation: You have a pair of small horns on your
                  | head. [demonic ancestry]
   508 | D:1      | Reached XP level 2. HP: 19/19 MP: 3/5
  1029 | D:1      | Found a faded altar of an unknown god.
  1949 | D:2      | Gained mutation: You sometimes gain a little power by
                  | taking damage. [demonic ancestry]
  1949 | D:2      | Reached XP level 3. HP: 20/24 MP: 0/6
  2588 | D:2      | Learned a level 3 spell: Frozen Ramparts
  3664 | D:3      | Reached skill level 5 in Ice Magic
  3698 | D:3      | Gained mutation: You sometimes gain power by taking damage.
                  | [demonic ancestry]
  3698 | D:3      | Reached XP level 4. HP: 13/30 MP: 3/7
  4040 | D:3      | Found a hide-covered altar of Uskayaw.
  4098 | D:3      | Found a large runed translucent door.
  4098 | D:3      | Found a large runed translucent door.
  4426 | D:3      | Found a shadowy altar of Dithmenos.
  4842 | D:3      | Found an ornate altar of the Wu Jian Council.
  4862 | D:3      | Found a bloodstained altar of Trog.
  5006 | D:1      | Became a worshipper of Qazlal Stormbringer
  5006 | D:1      | Reached * piety under Qazlal
  5118 | D:4      | Found a broken altar of Ashenzari.
  5166 | D:4      | Found a sacrificial altar of Ru.
  5500 | D:4      | Noticed a scorpion
  5504 | D:4      | Killed a scorpion
  5505 | D:4      | Reached skill level 1 in Invocations
  5505 | D:4      | Reached XP level 5. HP: 35/35 MP: 2/8
  5562 | D:4      | Found a radiant altar of Vehumet.
  5795 | D:4      | Reached skill level 6 in Ice Magic
  5816 | D:4      | Slain by an orc wizard

Illustrated notes

Levels and vault maps discovered:
D:1:      scummos_arrival_simple_crosswalls, layout_basic,
          hellmonk_ecumenical_altar_run_dry, patterned_corridor
D:2:      layout_basic
D:3:      layout_basic, mainiacjoe_overflow_alcove_4, jmf_multi_god_temple2,
          nicolae_uskayaw_suspiria
D:4:      layout_loops_ring, mainiacjoe_overflow_surrounded_room,
          mainiacjoe_overflow_24_doors, overflow_temple_1_default

Skill      XL: |  1  2  3  4  5 |
---------------+----------------+-----
Ice Magic      | 4 5 6 |  6.1
Invocations    | 1 2 |  2.0
Dodging        | |  1.7
Stealth        | |  1.7
Spellcasting   | |  2.1

Action                   |  1- 3 |  4- 6 || total
-------------------------+-------+-------++-------
Melee: Unarmed           |     6 |       ||     6
       Short sword       |    13 |     7 ||    20
       Headbutt          |     2 |       ||     2
 Cast: Freeze            |    61 |    14 ||    75
       Frozen Ramparts   |     1 |    13 ||    14
  Use: Scroll            |     4 |       ||     4
       Potion            |       |     2 ||     2
 Stab: Sleeping          |     1 |       ||     1
Armor: Robe              |    18 |    15 ||    33
Dodge: Dodged            |    45 |    25 ||    70
